AoeStats
← 陟遐自迩

Arena

509360830Analyzed
4v4 RM · 5d ago on Sep 26, 2026· 66m 52s· 8 players
Game mode
Random Map
Map size
Large (8 player)
Population
200
Speed
Normal
Resources
Standard
Victory
Conquest
Starting age
Dark Age
Ending age
Imperial Age
RankedLock teamsTeams togetherTeam positionsShared explorationLock speedFull tech treeHidden civsTurbo modeCheats
Victory
Defeat
🇳🇴 Italians · Norway
1044
+13
🇩🇪 Britons · Germany
991
+15
🇮🇳 Franks · India
983
+16
🇷🇴 Ethiopians · Romania
968
+16
🇩🇪 Danes · Germany
1026
-17
🇹🇼 Danes · Taiwan
967
-15
🇨🇳 Magyars · China
961
-14
🇹🇷 Hindustanis · Türkiye
957
-14
swa-lmhwra
11:33 Feudal Age
16:13 Castle Age
15:15 Double-Bit Axe
17:27 Bow Saw
23:25 Wheelbarrow
24:36 Gold Mining
24:49 Stone Mining
26:59 Gold Shaft Mining
26:48 Hand Cart
29:33 Imperial Age
28:01 Forging
28:14 Scale Mail Armor
29:53 Iron Casting
29:25 Scale Barding Armor
30:21 Chain Mail Armor
30:22 Husbandry
30:49 Conscription
30:53 Chain Barding Armor
30:13 Cavalier
33:14 Blast Furnace
33:17 Plate Mail Armor
33:24 Plate Barding Armor
33:45 Elite Throwing Axeman
35:12 Paladin
51:07 Squires
50:28 Pikeman
51:42 Halberdier
58:38 Caravan
59:09 Coinage
63:53 Banking
JocKer_War2
0:29 Loom
13:00 Feudal Age
14:45 Wheelbarrow
14:19 Double-Bit Axe
14:16 Horse Collar
14:29 Gold Mining
14:29 Stone Mining
19:42 Castle Age
20:37 Hand Cart
21:21 Bow Saw
27:20 Heavy Plow
34:17 Imperial Age
33:13 Gold Shaft Mining
34:54 Forging
34:44 Scale Mail Armor
34:35 Fletching
34:46 Padded Archer Armor
34:24 Elite Longbowman
35:25 Conscription
34:27 Pikeman
35:08 Squires
34:54 Arson
34:54 Gambesons
35:15 Caravan
35:34 Halberdier
37:16 Iron Casting
36:56 Chain Mail Armor
36:16 Elite Skirmisher
36:52 Crossbowman
37:44 Warwolf
38:05 Yeomen
43:09 Bodkin Arrow
44:14 Blast Furnace
43:45 Plate Mail Armor
43:31 Leather Archer Armor
43:17 Arbalester
45:56 Chemistry
45:23 Bracer
65:09 Yeomen
65:15 Yeomen
AysseR
11:12 Feudal Age
16:33 Castle Age
15:55 Loom
17:54 Double-Bit Axe
17:52 Horse Collar
23:20 Wheelbarrow
26:23 Hand Cart
26:40 Town Watch
26:50 Fletching
27:04 Scale Mail Armor
28:09 Bodkin Arrow
31:31 Squires
32:36 Forging
36:01 Imperial Age
Sharion
3:59 Loom
10:29 Feudal Age
12:42 Double-Bit Axe
16:42 Castle Age
15:15 Stone Mining
15:19 Gold Mining
15:15 Horse Collar
16:42 Wheelbarrow
20:19 Fervor
22:47 Bloodlines
24:21 Light Cavalry
26:07 Husbandry
27:21 Heavy Plow
27:58 Stone Shaft Mining
27:35 Bow Saw
27:14 Town Watch
32:02 Imperial Age
29:41 Fletching
31:03 Murder Holes
31:29 Ballistics
31:17 Thumb Ring
32:25 Hand Cart
32:37 Padded Archer Armor
33:17 Conscription
33:31 Bodkin Arrow
34:19 Leather Archer Armor
36:15 Chemistry
35:23 Bracer
35:54 Ring Archer Armor
35:35 Forging
36:18 Squires
36:56 Arson
39:20 Iron Casting
38:59 Fortified Wall
39:00 Masonry
38:47 Elite Genoese Crossbowman
39:58 Man-at-Arms
42:51 Blast Furnace
41:52 Scale Mail Armor
41:15 Long Swordsman
42:00 Two-Handed Swordsman
44:01 Champion
46:46 Chain Mail Armor
48:39 Hoardings
48:46 Hoardings
48:57 Architecture
49:25 Caravan
53:22 Plate Mail Armor
52:57 Scale Barding Armor
57:26 Chain Barding Armor
56:29 Hussar
60:27 Plate Barding Armor
QW9053042
1:50 Loom
11:00 Feudal Age
11:54 Double-Bit Axe
17:57 Castle Age
15:45 Horse Collar
20:49 Wheelbarrow
25:54 Imperial Age
24:55 Scale Mail Armor
27:09 Forging
29:48 Chain Mail Armor
32:28 Plate Mail Armor
35:36 Conscription
34:40 Hamask
36:45 Iron Casting
37:23 Conscription
37:46 Gold Mining
38:15 Heavy Plow
38:57 Squires
38:44 Gambesons
38:48 Arson
39:52 Hand Cart
40:14 Elite Varangian Guard
42:24 Blast Furnace
44:55 Northmen's Fury
45:49 Onager
49:07 Chemistry
49:17 Siege Engineers
51:20 Bow Saw
51:52 Ballistics
51:17 Siege Onager
52:44 Fletching
52:55 Padded Archer Armor
53:30 Elite Skirmisher
54:18 Thumb Ring
53:41 Pikeman
55:47 Halberdier
64:25 Leather Archer Armor
64:06 Bodkin Arrow
sonsehzadee
10:15 Feudal Age
10:17 Loom
13:33 Horse Collar
17:08 Castle Age
15:07 Double-Bit Axe
18:37 Wheelbarrow
20:17 Hand Cart
20:50 Heavy Plow
26:38 Gold Mining
26:39 Stone Mining
31:01 Imperial Age
31:13 Husbandry
31:24 Bloodlines
33:22 Gold Shaft Mining
33:22 Stone Shaft Mining
33:16 Bow Saw
33:23 Grand Trunk Road
33:46 Conscription
33:29 Grand Trunk Road
32:51 Elite Ghulam
33:15 Heavy Camel Rider
37:50 Imperial Camel Rider
50:23 Scale Barding Armor
50:29 Forging
53:38 Thumb Ring
52:54 Elite Skirmisher
54:24 Light Cavalry
55:43 Hussar
少打游戏多学习
10:47 Feudal Age
13:24 Loom
16:15 Castle Age
14:20 Horse Collar
14:51 Double-Bit Axe
16:47 Bloodlines
17:25 Bow Saw
18:06 Heavy Plow
19:48 Town Watch
20:24 Scale Barding Armor
20:55 Pikeman
22:29 Town Watch
25:22 Husbandry
25:45 Chain Barding Armor
26:35 Ballistics
27:40 Wheelbarrow
27:48 Corvinian Army
28:14 Scale Mail Armor
32:19 Imperial Age
30:07 Gold Mining
30:09 Stone Mining
31:08 Hand Cart
31:48 Chain Mail Armor
31:34 Padded Archer Armor
31:59 Fletching
32:47 Thumb Ring
33:47 Conscription
33:38 Elite Magyar Huszar
35:29 Elite Skirmisher
37:17 Town Patrol
48:59 Masonry
51:14 Siege Engineers
52:54 Plate Barding Armor
53:39 Parthian Tactics
55:18 Chemistry
56:59 Bodkin Arrow
57:19 Leather Archer Armor
陟遐自迩
0:49 Loom
1:12 Loom
12:19 Feudal Age
12:41 Horse Collar
18:46 Castle Age
16:57 Double-Bit Axe
17:45 Stone Mining
19:20 Wheelbarrow
20:22 Bow Saw
20:15 Heavy Plow
20:27 Gold Mining
28:18 Stone Shaft Mining
28:20 Gold Shaft Mining
34:15 Imperial Age
32:04 Hand Cart
31:34 Town Watch
31:15 Hamask
32:20 Forging
32:10 Scale Mail Armor
35:05 Iron Casting
34:46 Chain Mail Armor
34:19 Arson
34:34 Squires
34:19 Gambesons
33:55 Pikeman
33:55 Man-at-Arms
35:35 Conscription
34:36 Elite Jomsviking
37:12 Blast Furnace
37:12 Plate Mail Armor
37:12 Elite Varangian Guard
38:01 Fletching
38:12 Padded Archer Armor
38:25 Thumb Ring
37:48 Elite Skirmisher
39:54 Ballistics
40:34 Chemistry
40:32 Bodkin Arrow
42:34 Bracer
42:51 Leather Archer Armor
42:49 Masonry
46:36 Long Swordsman
49:02 Ring Archer Armor
52:09 Cranequins
52:09 Heavy Mounted Crossbowman
52:43 Two-Handed Swordsman
54:17 Two-Handed Swordsman
54:46 Cranequins
56:07 Onager
61:44 Caravan
Connection lost

Rejoining the realm…

Still unreachable

The connection could not be restored.

Session expired

The server has moved on; the page needs a fresh start.